 Dungeon Crawl Stone Soup version 0.27-a0-828-g8289197e94 (webtiles) character file.

Game seed: 8996208220561275616

153 polve the Changer (level 5, -4/40 HPs)
             Began as a Draconian Transmuter on Mar 30, 2021.
             Killed by nerve-wracking pain
             ... invoked by an orc priest
              (5 damage)
             ... on level 3 of the Dungeon.
             The game lasted 00:02:03 (2164 turns).

polve the Changer (Draconian Transmuter)            Turns: 2164, Time: 00:02:04

Health: -4/40      AC:  5    Str: 12    XL:     5   Next: 12%
Magic:  8/8        EV: 12    Int: 14    God:
Gold:   92         SH:  0    Dex: 12    Spells: 0/8 levels left

rFire    . . .     SeeInvis .   b - +2 dagger (protect)
rCold    . . .     Faith    .   (no shield)
rNeg     . . .     Spirit   .   (armour unavailable)
rPois    .         Reflect  .   (helmet currently unavailable)
rElec    .         Harm     .   (no cloak)
rCorr    .         Rampage  .   (no gloves)
Will     .....                  (boots currently unavailable)
Stlth    +.........             (no amulet)
HPRegen  0.13/turn              (no ring)
MPRegen  0.11/turn              (no ring)

@: appendages (expiring), flying
A: horns 2, talons 2, AC +5, unfitting armour, cold-blooded
a: End Transformation


You were on level 3 of the Dungeon.
You had temporarily grown beastly horns and talons.
You visited 1 branch of the dungeon, and saw 3 of its levels.

You collected 92 gold pieces.

Inventory:

Hand Weapons
 b - a +2 dagger of protection (weapon)
Scrolls
 a - 3 scrolls of teleportation {unknown}
 c - a scroll of fear {unknown}
 d - 3 scrolls of identify {unknown}
 e - a scroll of immolation {unknown}
Potions
 f - a potion of flight


   Skills:
 - Level 1.1 Fighting
 - Level 1.7 Dodging
 - Level 3.0 Unarmed Combat
 - Level 2.0 Spellcasting
 + Level 5.4 Transmutations


You couldn't memorise any spells.
You knew the following spells:

 Your Spells              Type           Power      Damage    Failure   Level
a - Beastly Appendage     Tmut           32%        N/A       2%          1
b - Wereblood             Tmut           16%        N/A       4%          2
c - Hydra Form            Tmut           8%         N/A       58%         5

Your spell library contained the following spells:

 Spells                   Type           Power      Damage    Failure   Level
 Animate Skeleton         Necr           2%         N/A       24%         1
 Apportation              Tloc           2%         N/A       24%         1
 Corona                   Hex            1%         N/A       24%         1
 Summon Small Mammal      Summ           4%         N/A       24%         1
 Spider Form              Tmut/Pois      4%         N/A       24%         3
 Ensorcelled Hibernation  Hex/Ice        2%         N/A       34%         2
 Confusing Touch          Hex            1%         N/A       56%         3
 Dazzling Flash           Conj/Hex       2%         N/A       56%         3
 Gell's Gravitas          Tloc           0%         N/A       56%         3
 Tukima's Dance           Hex            1%         N/A       56%         3
 Ice Form                 Ice/Tmut       8%         N/A       61%         4
 Petrify                  Tmut/Erth      8%         N/A       61%         4
 Yara's Violent Unravell  Hex/Tmut       4%         3d4       91%         5
 Metabolic Englaciation   Hex/Ice        0%         N/A       100%        5


Dungeon Overview and Level Annotations

Branches:
Dungeon (3/15)

Altars:
Fedhas
Kikubaaqudgha


Innate Abilities, Weirdness & Mutations

You have temporarily grown beastly horns and talons.
Your plain brown scales are hard. (AC +5)
You cannot fit into any form of body armour.
You are cold-blooded and may be slowed by cold attacks.


Message History

You tail-slap the orc priest.
The orc priest is moderately wounded.
The orc priest hits you with a +2 mace of holy wrath!
Something barely misses you.
You hit the orc priest. Your headbutt misses the orc priest.
The orc priest is severely wounded.
The orc priest misses you.
You hear some strange, mumbled words.
You are confused.
You barely miss something.
The orc priest hits you with a +2 mace of holy wrath.
Something hits you but does no damage.
You bump into the rock wall.
The orc priest hits you with a +2 mace of holy wrath.
Something hits you.
You're too confused to move!
The orc priest barely misses you. Something hits you but does no damage.
You bump into the rock wall.
Your transformation is almost over.
The orc priest completely misses you.
You hear some strange, mumbled words.
A puff of flame appears from out of thin air!
The puff of flame misses you.
You closely miss the orc priest.
The orc priest is severely wounded.
The orc priest hits you with a +2 mace of holy wrath!
* * * LOW HITPOINT WARNING * * *
Something hits you but does no damage.
You bump into the rock wall.
The orc priest barely misses you.
You hear some strange, mumbled words.
A magic dart appears from out of thin air!
The magic dart hits you.
* * * LOW HITPOINT WARNING * * *
It was a potion of flight.
You feel very buoyant.
You fly up into the air.
You feel less confused.
The orc priest calls down the wrath of Beogh upon you.
Pain shoots through your body!
You die...

##..........)..
#.####..########..##
#.........# ###..#
###.#####.# #....#
#.#####.####>##.#
###.##.^..<.......#
......##.####.####
#######{#####.# #.#
#.....o@......####.#
#.#######.##.......#
#..........#
####.#####.# #.###
#.# #...###.#
###..(..# #..####
#..#


You could see an orc priest.

Vanquished Creatures
  2 jellies (D:2)
  2 adders (D:2)
  A worm (D:2)
  A dart slug (D:2)
  An orc (D:3)
  3 bats (D:1)
  14 endoplasms
  2 giant cockroaches (D:1)
  6 goblins
  3 hobgoblins (D:1)
  4 jackals (D:1)
  3 quokkas
  7 ball pythons
  3 frilled lizards
  10 kobolds
  4 rats
66 creatures vanquished.

Vanquished Creatures (others)
  3 fungi (D:2)
  9 toadstools (D:2)
12 creatures vanquished.

Grand Total: 78 creatures vanquished

Notes
Turn   | Place    | Note
-------+----------+-------------------------------------------
     0 | D:1      | polve the Draconian Transmuter began the quest for the Orb.
     0 | D:1      | Reached XP level 1. HP: 16/16 MP: 3/3
     3 | D:1      | Noticed a vine stalker
     3 | D:1      | Noticed a minotaur skeleton
     7 | D:1      | Noticed an ogre
    13 | D:1      | Noticed a draconian
    15 | D:1      | Noticed a naga
   216 | D:1      | Reached XP level 2. HP: 23/23 MP: 3/5
   293 | D:1      | Reached skill level 3 in Transmutations
   525 | D:1      | Reached XP level 3. HP: 14/28 MP: 6/6
  1072 | D:2      | Reached skill level 4 in Transmutations
  1297 | D:2      | Reached XP level 4. HP: 28/35 MP: 5/7
  1428 | D:2      | Found an ancient bone altar of Kikubaaqudgha.
  1431 | D:2      | Found a blossoming altar of Fedhas.
  1569 | D:2      | Reached skill level 5 in Transmutations
  1574 | D:2      | Reached XP level 5. HP: 18/40 MP: 8/8
  2094 | D:3      | Learned a level 2 spell: Wereblood
  2100 | D:3      | Learned a level 5 spell: Hydra Form
  2163 | D:3      | HP: 1/40 [something/magic dart (6)]
  2164 | D:3      | Killed from afar by an orc priest

Illustrated notes

Levels and vault maps discovered:
D:1:      shiori_arrival_whats_in_store_for_you, layout_basic,
          kennysheep_pointless_box
D:2:      cheibrodos_fertilizer, layout_rooms,
          grunt_temple_overflow_growth_and_decay
D:3:      layout_loops_ring, minmay_misc_feat_x, eino_tiny_chamber, uniq_grinder

Skill      XL: |  1  2  3  4 |
---------------+-------------+-----
Transmutations | 3 4 5 |  5.4
Fighting       | |  1.1
Dodging        | |  1.7
Unarmed Combat | |  3.0
Spellcasting   | |  2.0

Action                   |  1- 3 |  4- 6 || total
-------------------------+-------+-------++-------
Melee: Unarmed           |    25 |       ||    25
       Kick              |    14 |    10 ||    24
       Headbutt          |     8 |     5 ||    13
       Tailslap          |     9 |     5 ||    14
       Dagger            |    89 |    48 ||   137
 Cast: Beastly Appendage |    21 |     8 ||    29
  Use: Potion            |       |     1 ||     1
 Stab: Sleeping          |       |     2 ||     2
Armor: Skin              |    50 |    17 ||    67
Dodge: Dodged            |   102 |    25 ||   127

Table legend: (Time is in decaauts)
 A = Elapsed time spent in this place.
 B = Non-inter-level travel time spent in this place.
 C = Inter-level travel time spent in this place.
 D = Time resting spent in this place.
 E = Time spent auto-exploring this place.
 F = Levels seen in this place.
 G = Mean time per level.
                   A        B        C        D        E       F      G
               +--------+--------+--------+--------+--------+-----+--------+
         Total |   2165 |   2131 |     34 |      0 |   1752 |   3 |  721.7 |
       Dungeon |   2165 |   2131 |     34 |      0 |   1752 |   3 |  721.7 |
               +--------+--------+--------+--------+--------+-----+--------+

Top non-repeatable levels by time:
     D:2: 1137 daAuts
     D:1: 954 daAuts
     D:3: 73 daAuts
